 Dungeon Crawl Stone Soup version 0.31.0-11-ge490571c62 (webtiles) character file.

Game seed: 11383644294093021500

324 Zeor the Slasher (level 6, -1/29 (32) HPs)
             Began as a Vine Stalker Reaver on Feb 1, 2024.
             Killed by nerve-wracking pain
             ... invoked by Grinder
              (4 damage)
             ... on level 3 of the Dungeon.
             The game lasted 00:07:47 (1993 turns).

Zeor the Slasher (Vine Stalker Reaver)              Turns: 1993, Time: 00:07:48

HP:   -1/29 (32)    AC:  3    Str: 13 (14) XL:     6   Next: 48%
MP:   0/11          EV: 11    Int: 12 (15) God:
Gold: 131           SH:  0    Dex: 11 (13) Spells: 7/10 levels left

rFire   . . .        a - +1 falchion
rCold   . . .        (no shield)
rNeg    . . .        b - +0 leather armour
rPois   .            (no helmet)
rElec   .            (no cloak)
rCorr   .            (no gloves)
SInv    .            (no boots)
Will    .....        (no amulet)
Stlth   +            (no ring)
HPRegen 1.04/turn    (no ring)
MPRegen 0.12/turn

%: guardian spirit
@: mighty, brilliant, lethally poisoned (-1 -> -3), very slightly contaminated,
drained
A: fangs 2, regeneration 1, magic shield, antimagic bite, no potion heal 2,
evolution 1
a: no special abilities


You were on level 3 of the Dungeon.
You visited 1 branch of the dungeon, and saw 3 of its levels.

You collected 131 gold pieces.

Inventory:

Hand Weapons
 a - a +1 falchion (weapon)
Missiles
 e - 2 curare-tipped darts
Armour
 b - a +0 leather armour (worn)
 d - a +0 pair of boots
Magical Staves
 f - a staff of death
Wands
 h - a wand of polymorph (5)
Scrolls
 g - a scroll of torment


   Skills:
 * Level 2.9 Fighting
 * Level 4.7 Long Blades
 + Level 1.5 Armour
 + Level 2.0 Dodging
 + Level 0.7 Stealth
 * Level 2.9 Spellcasting
 + Level 3.3 Conjurations
 + Level 0.4 Translocations


You had 7 spell levels left.
You knew the following spells:

 Your Spells              Type           Power      Damage    Failure   Level
k - Kiss of Death         Conj/Necr      32%        2d7       16%         1
m - Momentum Strike       Conj/Tloc      18%        3d8       22%         2

Your spell library contained the following spells:

 Spells                   Type           Power      Damage    Failure   Level
 Hailstorm                Conj/Ice       8%         3d5       43%         3
 Inner Flame              Hex/Fire       2%         N/A       67%         3
 Irradiate                Conj/Alch      4%         3d13      99%         5
 Ignition                 Fire           1%         3d3       100%        8


Dungeon Overview and Level Annotations

Branches:
Dungeon (3/15)

Altars:

Annotations:
D:3 Grinder


Innate Abilities, Weirdness & Mutations

You have extremely sharp teeth.
Your natural rate of healing is unusually fast.
When hurt, damage is shared between your health and your magic reserves.
Your bite disrupts and absorbs the magic of your enemies.
Potions cannot restore your health.
You have hidden genetic potential.


Message History

You miscast Momentum Strike.
You are very lightly contaminated with residual magic.
Nothing appears to happen.
The gnoll hits you but does no damage.
You barely miss Grinder. You bite Grinder.
Grinder's magic leaks into the air.
You drain her magic.
You feel invigorated.
Grinder is lightly wounded.
The gnoll hits you but does no damage.
You closely miss Grinder. Your bite misses Grinder.
Grinder is lightly wounded.
Grinder barely misses you. The gnoll hits you but does no damage.
You hit Grinder.
Grinder is lightly wounded.
Grinder gestures at you. You resist with some effort.
The gnoll closely misses you.
You closely miss Grinder.
Grinder is lightly wounded.
Grinder hits you.
The gnoll hits you from afar with a +0 spear.
Grinder falters for a moment.
The gnoll hits you from afar with a +0 spear.
You closely miss Grinder.
Grinder is lightly wounded.
Grinder's magic is no longer disrupted.
The gnoll completely misses you. Grinder hits you.
* * * LOW HITPOINT WARNING * * *
You writhe in agony.
* * * LOW HITPOINT WARNING * * *
It was a potion of brilliance.
You feel clever all of a sudden. The gnoll misses you.
Grinder blinks!
You closely miss the adder. Your bite misses the adder.
The adder is heavily wounded.
The adder bites you.
* * * LOW HITPOINT WARNING * * *
You are poisoned.
The adder poisons you! Grinder gestures at you. Pain shoots through your body!
You die...
Grinder says, "Now the real fun starts!" ∙∙∙∙∙∙∙∙∙∙∙∙∙∙ ▒▒▒∙∙∙∙∙∙∙∙∙▒▒ g∙∙∙ ∙∙∙∙∙∙∙∙∙∙∙▒▒ ∙∙∙ ∙▒▒▒∙∙∙∙∙∙∙▒ ∙S5

∙▒▒∙∙∙∙▒▒▒▒▒▒▒▒▒ g∙
∙∙▒∙▒▒∙∙∙∙∙∙∙∙∙▒ ▒#▒
∙∙▒∙▒▒∙∙∙∙∙∙∙∙∙▒ ∙∙▒
∙∙∙∙▒▒∙∙∙∙∙∙∙∙∙▒▒▒∙▒
∙∙▒▒∙∙∙∙>∙∙∙∙∙∙∙fSg▒
∙∙∙∙∙▒∙∙∙∙∙∙∙∙∙▒▒▒▒▒
▒▒▒▒▒▒∙∙∙∙∙5∙∙∙▒
▒∙∙∙∙∙∙∙∙∙▒
▒▒▒▒▒▒▒▒▒▒▒


You could see Grinder, a gnoll and an adder.

Vanquished Creatures
  Sigmund (D:2)
  An orc priest (D:3)
  Jessica (D:3)
  3 gnolls (D:3)
  2 adders
  3 dart slugs
  A ribbon worm (D:2)
  7 ball pythons
  6 endoplasms
  4 giant cockroaches
  2 hobgoblins
  4 quokkas
  6 bats
  4 frilled lizards
  6 goblins
  3 kobolds
  7 rats
61 creatures vanquished.

Notes
Turn   | Place    | Note
-------+----------+-------------------------------------------
     0 | D:1      | Zeor the Vine Stalker Reaver began the quest for the Orb.
     0 | D:1      | Reached XP level 1. HP: 11/11 MP: 4/4
   183 | D:1      | Reached XP level 2. HP: 15/15 MP: 6/6
   187 | D:1      | Learned a level 2 spell: Momentum Strike
   234 | D:1      | Reached skill level 3 in Long Blades
   489 | D:1      | Reached XP level 3. HP: 18/18 MP: 7/7
  1082 | D:2      | Reached XP level 4. HP: 23/23 MP: 8/8
  1355 | D:2      | Noticed Sigmund
  1378 | D:2      | Killed Sigmund
  1379 | D:2      | Reached skill level 4 in Long Blades
  1379 | D:2      | Reached skill level 1 in Armour
  1379 | D:2      | Reached XP level 5. HP: 9/27 MP: 1/10
  1379 | D:2      | l-l-l-lucky
  1510 | D:2      | Reached XP level 6. HP: 32/32 MP: 9/11
  1765 | D:3      | Found a faded altar of an unknown god.
  1825 | D:3      | Gained mutation: You have hidden genetic potential. [potion
                  | of mutation]
  1904 | D:3      | Noticed Jessica
  1907 | D:3      | Killed Jessica
  1974 | D:3      | Noticed Grinder
  1993 | D:3      | Killed from afar by Grinder

Illustrated notes

▒∙∙∙∙▒ ▒▒▒▒∙∙∙∙∙∙▒
▒∙∙∙∙▒▒▒▒∙∙∙∙▒▒▒▒▒▒
▒∙∙∙∙∙∙∙∙∙▒▒▒▒ ▒▒▒▒
▒∙∙∙∙∙▒▒▒▒▒ ▒∙∙▒▒
▒∙∙∙∙∙▒ ▒▒▒▒ ▒∙)∙▒
▒∙∙∙∙∙▒ ▒∙∙▒ ▒▒▒∙∙
▒▒▒▒▒∙▒▒▒▒ ▒∙∙▒ ▒∙∙
▒∙∙∙∙▒▒▒▒∙∙▒▒▒ ▒▒∙
▒▒▒▒∙∙∙f)∙∙∙∙▒ ▒∙
▒▒▒▒▒)∙∙▒∙▒ ▒▒
▒▒▒)▒∙∙▒▒ ▒
▒∙∙∙∙∙∙∙∙∙∙∙ ▒▒▒
∙∙@∙∙∙∙∙▒▒▒▒∙▒∙▒▒▒▒∙∙


∙∙∙∙∙∙∙∙∙ ∙∙∙∙∙∙∙∙▒ ∙∙∙∙∙∙∙∙∙ ∙∙∙∙∙∙∙∙▒▒ ∙∙∙∙∙∙∙∙∙▒ ▒∙∙▒▒▒∙∙▒ ∙∙∙∙)∙∙>∙▒
▒∙∙∙∙∙†∙ Turn 1379 on D:2: l-l-l-lucky

Levels and vault maps discovered:
D:1:      minmay_arrival_loop, layout_basic, bh_walls_and_bars
D:2:      layout_rooms, uniq_sigmund
D:3:      layout_rooms, serial_shops, shop,
          chequers_ecumenical_altar_simple_redux,
          corexii_item_surrounded_by_moat, uniq_grinder, uniq_jessica

Skill      XL: |  1  2  3  4 |
---------------+-------------+-----
Long Blades    | 3 4 |  4.7
Fighting       | 2 |  2.9
Armour         | 1 |  1.5
Dodging        | 2 |  2.0
Stealth        | |  0.7
Spellcasting   | |  2.9
Conjurations   | |  3.3
Translocations | |  0.4

Action                     |  1- 3 |  4- 6 || total
---------------------------+-------+-------++-------
  Melee: Falchion          |    80 |    57 ||   137
         Bite              |    18 |    11 ||    29
  Throw: Dart              |       |     1 ||     1
   Cast: Momentum Strike   |    13 |     4 ||    17
         Kiss of Death     |     1 |     2 ||     3
    Use: Scroll            |     2 |     2 ||     4
         Potion            |     1 |     5 ||     6
 Armour: Leather armour    |    59 |    54 ||   113
  Dodge: Dodged            |    54 |    39 ||    93
